 Dungeon Crawl Stone Soup version 0.28-a0-794-gafe8c5f9e9 (webtiles) character file.

Game seed: 5417622514785025736

7641 kae the Summoner (level 11, 0/69 HPs)
             Began as a Tengu Summoner on Nov 5, 2021.
             Was a Believer of Ashenzari.
             Slain by a troll (9 damage)
             ... on level 10 of the Dungeon.
             The game lasted 00:14:54 (17413 turns).

kae the Summoner (Tengu Summoner)                  Turns: 17413, Time: 00:14:55

Health: 0/69       AC:  5    Str:  9    XL:     11   Next: 18%
Magic:  0/24       EV: 18    Int: 19    God:    Ashenzari [**....]
Gold:   240        SH:  0    Dex: 14    Spells: 17/26 levels left

rFire   . . .      SeeInvis +   v - +3 war axe of Ouranomancy {protect, rElec rN+, Self, Melee} (curse)
rCold   . . .      Faith    .   (no shield)
rNeg    + . .      Spirit   +   a - +0 robe
rPois   .          Reflect  .   (helmet restricted)
rElec   +          Harm     .   (no cloak)
rCorr   .          Rampage  .   s - +2 pair of gloves of Toth-Mos's Legacy {Comp, Alch} (curse)
Will    .....                   (boots unavailable)
Stlth   ++........              q - amulet of the Enigmatic Stars {Spirit, Comp, Bglg} (curse)
HPRegen 0.21/turn               A - ring of see invisible
MPRegen 0.19/turn               (no ring)

@: flying quickly and evasively, quick
A: beak, talons 3, nimble flight
a: Renounce Religion, Shatter the Chains


You were on level 10 of the Dungeon.
You worshipped Ashenzari.
Ashenzari was pleased with you.
You visited 2 branches of the dungeon, and saw 11 of its levels.

You collected 479 gold pieces.
You spent 239 gold pieces at shops.

Inventory:

Hand Weapons
 e - a +2 whip
 u - a +0 halberd
 v - the cursed +3 war axe of Ouranomancy (weapon) {protect, rElec rN+, Self, Melee}
   (You found it on level 8 of the Dungeon)

   It grants its wielder temporary protection when it strikes (+7 to AC).
   rElec:     It insulates you from electricity.
   rN:        It protects you from negative energy.
   It has a curse which improves the following skills: Introspection: Fighting
   and Spellcasting.
   Melee Combat: Short Blades, Long Blades, Axes, Maces & Flails, Polearms,
   Staves and Unarmed Combat.
Armour
 a - a +0 robe (worn)
 s - the cursed +2 pair of gloves of Toth-Mos's Legacy (worn) {Comp, Alch}
   (You found it on level 5 of the Dungeon)

   It has a curse which improves the following skills: Companions: Summonings
   and Necromancy.
   Alchemy:   Poison Magic and Transmutations.
Jewellery
 q - the cursed amulet of the Enigmatic Stars (around neck) {Spirit, Comp, Bglg}
   (You found it on level 4 of the Dungeon)

   [amulet of guardian spirit]

   It causes incoming damage to be divided between your reserves of health and
   magic.
   It has a curse which improves the following skills: Companions: Summonings
   and Necromancy.
   Beguiling: Conjurations, Hexes and Translocations.
 t - an amulet of magic regeneration
 A - a ring of see invisible (left hand)
Wands
 i - a wand of iceblast (2)
 o - a wand of digging (9)
 w - a wand of paralysis (9)
 y - a wand of acid (9)
 z - a wand of flame (28)
 B - a wand of mindburst (14)
Scrolls
 k - 3 scrolls of amnesia
 l - 3 scrolls of teleportation
 m - 2 scrolls of enchant armour
 r - a scroll of vulnerability
Potions
 b - 5 potions of haste
 c - a potion of berserk rage
 d - 2 potions of curing
 f - a potion of magic
 g - 2 potions of mutation
 h - a potion of brilliance
 j - a potion of ambrosia
 n - a potion of heal wounds
 p - 2 potions of invisibility
 x - a potion of might


   Skills:
 + Level 7.0(8.5) Fighting
 * Level 7.2(8.7) Polearms
 + Level 8.0 Dodging
 - Level 2.0 Stealth
 + Level 6.6(8.1) Spellcasting
 * Level 12.6(14.9) Summonings


You had 17 spell levels left.
You knew the following spells:

 Your Spells              Type           Power      Damage    Failure   Level
a - Summon Small Mammal   Summ           100%       N/A       1%          1
b - Call Imp              Summ           59%        N/A       1%          2
c - Call Canine Familiar  Summ           59%        N/A       1%          3
d - Summon Guardian Gole  Hex/Summ       36%        N/A       1%          3

Your spell library contained the following spells:

 Spells                   Type           Power      Damage    Failure   Level
 Summon Lightning Spire   Summ/Air       36%        N/A       4%          4
 Freeze                   Ice            28%        1d5       9%          1
 Sandblast                Erth           14%        2d6       9%          1
 Shock                    Conj/Air       32%        1d5       9%          1
 Ensorcelled Hibernation  Hex/Ice        16%        N/A       13%         2
 Passwall                 Tmut/Erth      6%         N/A       13%         2
 Spider Form              Tmut/Pois      8%         N/A       26%         3
 Stone Arrow              Conj/Erth      16%        3d8       26%         3
 Swiftness                Air            7%         N/A       26%         3
 Airstrike                Air            3%         N/A       65%         4
 Iskenderun's Battlesphe  Conj           8%         2d6       93%         5
 Fireball                 Conj/Fire      4%         3d4       94%         5
 Conjure Ball Lightning   Conj/Air       4%         3x3d6     100%        6
 Orb of Destruction       Conj           4%         9d2       100%        7


Dungeon Overview and Level Annotations

Branches:
Dungeon (10/15)            Temple (1/1) D:5            Lair (0/6) D:9
    Orc: D:9-12

Altars:
Ashenzari
Dithmenos
Elyvilon
Fedhas
Gozag
Hepliaklqana
Kikubaaqudgha
Makhleb
Okawaru
Ru
Sif Muna
Uskayaw
Vehumet
Wu Jian
Xom
Yredelemnul
Zin
The Shining One

Shops:
D:5 *   D:6 ?

Annotations:
D:4 3 runed translucent doors, exclusion: black bear, ABBCCCDDDD's ghost, amateur MiGl
D:7 exclusions: 2 doors, electric eel and 2 lemures, Pikel; Prince Ribbit


Innate Abilities, Weirdness & Mutations

You have a beak for a mouth.
You have claws for feet.
Your magical nature lets you fly swiftly and evasively.


Message History

You closely miss the vampire.
The vampire is severely damaged.
The vampire hits you! The vampire misses you. The troll barely misses you.
The troll claws you! The troll barely misses you.
You slash the vampire!
You destroy the vampire!
You closely miss the troll. The troll closely misses you. x2
The troll claws you but does no damage. The troll bites you but does no damage.
The troll completely misses you. The troll claws you.
Your base Fighting skill increases to level 7!
You slash the troll! Your peck misses the troll.
The troll is heavily wounded.
The troll misses you. The troll completely misses you. The troll claws you.
You barely miss the troll. Your kick misses the troll.
The troll is heavily wounded.
The troll closely misses you. The troll barely misses you.
The troll claws you but does no damage.
You miss the troll. Your kick misses the troll.
The troll is heavily wounded.
You feel less confused. The troll barely misses you.
The troll closely misses you. The troll completely misses you.
You closely miss the troll. You claw the troll.
You peck the troll, but do no damage.
The troll is heavily wounded.
The troll barely misses you. The troll claws you!
The troll completely misses you. The troll bites you!
The troll claws you but does no damage. The troll barely misses you.
The troll bites you.
* * * LOW HITPOINT WARNING * * *
The troll closely misses you. The troll misses you.
Casting: Call Imp (safe; 1% risk of failure)
Confirm with . or Enter, or press ? or * to list all spells.
A guardian golem appears, shielding your allies.
The troll completely misses you. The troll claws you!
* * * LOW HITPOINT WARNING * * *
The troll claws you.
* * * LOW HITPOINT WARNING * * *
The troll misses you. The troll claws you!
You die...

################****
#....!...#.....# , , ,
#........#.....#,,
#........#.....# , ,
#...##..###....# ####*
, #...##..###....##
....
#...............#.....,
#.<.........9...#.....,
,
#...........@T........
#######+######..###.##
* **, #......# *, *
#......# * ,,+.....!.
,*, , #......#.
*#......#.# * *
.....##.# # **** ,.....
..# , ,


You could see a troll (ally target) and a friendly guardian golem (summoned).

Vanquished Creatures
  2 two-headed ogres (D:9)
  A manticore (D:8)
  A troll (D:9)
  A vampire (D:10)
  A yak (D:9)
  A sky beast (D:8)
  A hornet zombie (D:8)
  An ice beast (D:8)
  A centaur (D:6)
  A kobold brigand (D:8)
  A bullfrog (D:7)
  A gnoll sergeant (D:9)
  A water moccasin skeleton (D:5)
  2 wights
  2 killer bees (D:8)
  3 howler monkeys (D:9)
  2 centaur zombies
  A hound (D:7)
  An orc priest (D:9)
  A scorpion zombie (D:4)
  2 iguanas
  An orc wizard (D:9)
  A hound zombie (D:5)
  A howler monkey zombie (D:6)
  2 gnolls
  An adder (D:3)
  A howler monkey skeleton (D:5)
  A worm (D:2)
  A dart slug (D:2)
  4 orcs
  2 bats
  4 endoplasms
  A giant cockroach (D:2)
  5 goblins
  4 hobgoblins
  2 quokkas
  2 ball pythons
  3 frilled lizards
  10 kobolds
  6 rats
80 creatures vanquished.

Vanquished Creatures (collateral kills)
  A komodo dragon (D:9)
  3 wyverns (D:9)
  3 wraiths
  A water moccasin (D:6)
  An orc warrior (D:8)
  2 black bears
  An ice beast (D:7)
  A sky beast (D:7)
  An ogre (D:6)
  3 centaurs
  A kobold brigand (D:9)
  A gnoll sergeant (D:9)
  2 scorpions
  A water moccasin skeleton (D:5)
  A howler monkey (D:9)
  10 wights
  A centaur zombie (D:9)
  A bullfrog zombie (D:6)
  5 hounds
  2 orc priests
  3 jellies
  A centaur skeleton (D:4)
  An iguana (D:4)
  2 orc wizards
  A killer bee zombie (D:8)
  5 gnolls
  4 adders
  A white imp (D:7)
  An ufetubus (D:7)
  An adder zombie (D:4)
  2 worms
  9 orcs
  5 endoplasms
  A giant cockroach (D:1)
  3 goblins
  3 hobgoblins
  A quokka (D:2)
  6 ball pythons
  3 frilled lizards (D:1)
  6 kobolds
  A rat (D:1)
102 creatures vanquished.

Vanquished Creatures (others)
  A water moccasin (D:9)
  A black bear (D:6)
  A centaur (D:9)
  A bullfrog (D:9)
  4 killer bees (D:8)
  3 wights
  A gnoll shaman (D:6)
  An orc wizard (D:7)
  2 gnolls (D:6)
  An ufetubus (D:6)
  18 plants (D:9)
34 creatures vanquished.

Grand Total: 216 creatures vanquished

Notes
Turn   | Place    | Note
-------+----------+-------------------------------------------
     0 | D:1      | kae the Tengu Summoner began the quest for the Orb.
     0 | D:1      | Reached XP level 1. HP: 10/10 MP: 4/4
   245 | D:1      | Reached skill level 5 in Summonings
   526 | D:1      | Reached XP level 2. HP: 11/16 MP: 4/6
   633 | D:1      | Learned a level 2 spell: Call Imp
  1038 | D:1      | Reached XP level 3. HP: 17/20 MP: 5/7
  1136 | D:1      | Reached skill level 1 in Fighting
  1851 | D:1      | Found a faded altar of an unknown god.
  2827 | D:2      | You fall into a shaft and drop 2 floors!
  3103 | D:3      | Reached XP level 4. HP: 16/25 MP: 5/8
  4927 | D:3      | Found a shimmering altar of Xom.
  5342 | D:3      | Found a glowing golden altar of the Shining One.
  5453 | D:4      | Reached skill level 6 in Summonings
  5453 | D:4      | Gained mutation: Your magical nature lets you fly swiftly
                  | and evasively. [Tengu growth]
  5453 | D:4      | Reached XP level 5. HP: 17/30 MP: 2/10
  5681 | D:4      | Noticed a black bear
  5843 | D:4      | Found a runed translucent gate.
  5843 | D:4      | Found a runed translucent gate.
  5843 | D:4      | Found a runed translucent gate.
  5843 | D:4      | Noticed ABBCCCDDDD's ghost (amateur MiGl)
  5845 | D:4      | Found a basalt altar of Yredelemnul.
  6262 | D:4      | Reached XP level 6. HP: 35/35 MP: 8/11
  6276 | D:4      | Learned a level 3 spell: Call Canine Familiar
  6280 | D:4      | Learned a level 3 spell: Summon Guardian Golem
  6719 | D:4      | Found an ancient bone altar of Kikubaaqudgha.
  6719 | D:4      | Found an opulent altar of Gozag.
  6795 | D:5      | Entered Level 5 of the Dungeon
  7026 | D:5      | Reached skill level 7 in Summonings
  7126 | D:5      | Found a radiant altar of Vehumet.
  7598 | D:5      | Found Ysiroocw's General Store.
  7603 | D:5      | Bought a scroll of magic mapping for 45 gold pieces
  7603 | D:5      | Bought a scroll of identify for 26 gold pieces
  7630 | D:5      | Found a glowing silver altar of Zin.
  7633 | D:5      | Found a staircase to the Ecumenical Temple.
  7641 | Temple   | Entered the Ecumenical Temple
  7657 | Temple   | Became a worshipper of Ashenzari the Shackled
  7723 | D:5      | Reached XP level 7. HP: 33/40 MP: 8/13
  8418 | D:5      | Found a radiant altar of Vehumet.
  8677 | D:5      | Found a staircase to the Ecumenical Temple.
  8697 | D:5      | Found a glowing silver altar of Zin.
  8760 | D:5      | Found Ysiroocw's General Store.
  9270 | D:6      | Reached skill level 8 in Summonings
  9504 | D:6      | Reached XP level 8. HP: 47/47 MP: 4/14
  9973 | D:6      | Reached skill level 5 in Dodging
 10596 | D:6      | Found a shimmering blue altar of Sif Muna.
 10665 | D:6      | Reached skill level 9 in Summonings
 11215 | D:6      | Found Yqokoost's Magic Scroll Shop.
 11218 | D:6      | Bought 3 scrolls of identify for 84 gold pieces
 11218 | D:6      | Bought a scroll of identify for 28 gold pieces
 11218 | D:6      | Bought a scroll of identify for 28 gold pieces
 11218 | D:6      | Bought a scroll of identify for 28 gold pieces
 11363 | D:6      | Got Sif Muna's Catalogue of Ice
 11365 | D:6      | Got Sif Muna's Collected Works on Flight
 11434 | D:7      | Noticed Pikel
 11740 | D:7      | Reached XP level 9. HP: 48/52 MP: 6/17
 12070 | D:7      | Reached skill level 5 in Spellcasting
 12130 | D:7      | Reached skill level 10 in Summonings
 12468 | D:7      | Reached skill level 5 in Fighting
 12468 | D:7      | Reached skill level 1 in Polearms
 12688 | D:7      | Noticed Prince Ribbit
 13074 | D:8      | Identified the +3 war axe "Heameyf" {protect, rElec rN+}
 13575 | D:8      | Found a blossoming altar of Fedhas.
 13816 | D:8      | Reached * piety under Ashenzari
 14244 | D:8      | Noticed a manticore
 14262 | D:8      | Killed a manticore
 14263 | D:8      | Reached skill level 11 in Summonings
 14263 | D:8      | Reached XP level 10. HP: 14/60 MP: 3/19
 14763 | D:9      | Noticed a two-headed ogre
 15310 | D:9      | Noticed a two-headed ogre
 15344 | D:9      | Reached skill level 5 in Polearms
 15350 | D:9      | Killed a two-headed ogre
 16041 | D:9      | Found a staircase to the Lair.
 16218 | D:9      | Reached skill level 12 in Summonings
 16711 | D:9      | Found an ornate altar of the Wu Jian Council.
 16908 | D:9      | Killed a two-headed ogre
 16909 | D:9      | Reached XP level 11. HP: 29/66 MP: 6/21
 17310 | D:10     | Entered Level 10 of the Dungeon
 17317 | D:10     | Reached ** piety under Ashenzari
 17413 | D:10     | Slain by a troll

Illustrated notes

Levels and vault maps discovered:
D:1:      lemuel_arrival_hallway, layout_basic,
          shapermc_ecumenical_altar_hornbeckon, minmay_surrounded
D:2:      minmay_chambers_of_ones, layout_basic, serial_co_window_serial,
          co_window_paths_a, co_window_cross_1, co_window_paths_b,
          co_window_of_opportunity_a, co_window_paths_a, co_window_corner_b,
          co_window_cross_2, co_window_of_opportunity_c, co_window_broadway_a,
          co_window_broadway_b, co_window_4corner_b, co_window_paths_e,
          glass_columns_b, glass_columns_a, glass_columns_c, glass_columns_c
D:3:      layout_loops_cross, marbit_many_paths, mainiacjoe_overflow_boulevard
D:4:      layout_cave_pools, nicolae_yredelemnul_ghost_church,
          gammafunk_temple_overflow_elements, supply_closet_lemuel
D:5:      layout_basic, kennysheep_mini, mainiacjoe_overflow_cross_hatched,
          minmay_temple_entry_statues_fountains, portal_sewer_entry_d,
          serial_shops, shop_fountains
D:6:      layout_gridville, nicolae_sif_muna_little_library, serial_shops,
          kennysheep_mini_moat
D:7:      black_bear_nest_2, layout_basic, kennysheep_opposing_triangles,
          uniq_pikel, uniq_prince_ribbit1
D:8:      layout_basic, mainiacjoe_overflow_paths
D:9:      kennysheep_ambush_hall, layout_rooms, nzn_wu_jian_contemplation,
          david_lair_shrubbed, kennysheep_generic_room_7
D:10:     minmay_the_grid_square_5x5_4x4 [minmay_the_grid_square_5x5_six_small,
          minmay_the_grid_square_5x5_two,
          minmay_the_grid_square_5x5_two_walls_a,
          minmay_the_grid_square_5x5_almost_minimal,
          minmay_the_grid_square_5x5_dogpile,
          minmay_the_grid_square_5x5_prize_pseudospiral,
          minmay_the_grid_square_5x5_prize_gold,
          minmay_the_grid_square_5x5_bridge,
          minmay_the_grid_square_5x5_three_walls,
          minmay_the_grid_square_5x5_prize_snowflake,
          minmay_the_grid_square_5x5_prize_rear_guard,
          minmay_the_grid_square_5x5_misaligned,
          minmay_the_grid_square_5x5_inner_i, minmay_the_grid_square_5x5_z,
          minmay_the_grid_square_5x5_sharp_hourglass,
          minmay_the_grid_square_5x5_comb], layout_gridville, serial_shops,
          nicolae_take_the_stairs, chequers_serial_rivers_room_b
Temple:   hc_temple_tempest_star

Skill      XL: |  1  2  3  4  5  6  7  8  9 10 11 |
---------------+----------------------------------+-----
Summonings     | 5 6 7 8 9 11 12 | 12.6
Fighting       | 1 2 3 4 5 6 7 |  7.0
Dodging        | 3 4 5 6 7 8 |  8.0
Spellcasting   | 3 4 5 6 |  6.6
Polearms       | 4 6 7 |  7.2
Stealth        | |  2.0

Action                   |  1- 3 |  4- 6 |  7- 9 | 10-12 || total
-------------------------+-------+-------+-------+-------++-------
Melee: Unarmed           |    54 |       |       |       ||    54
       Kick              |    20 |    31 |    26 |    22 ||    99
       Peck              |    23 |    16 |    18 |    10 ||    67
       Whip              |    34 |   110 |    73 |       ||   217
       War axe           |       |       |    41 |    85 ||   126
       Halberd           |       |       |    27 |       ||    27
 Cast: Summon Small Mamm |    21 |    27 |    27 |    13 ||    88
       Call Imp          |    13 |    24 |    18 |     9 ||    64
       Call Canine Famil |       |     5 |    39 |    16 ||    60
       Summon Guardian G |       |       |    27 |    18 ||    45
Invok: Curse Item        |       |       |     2 |     1 ||     3
Evoke: Wand              |       |       |     1 |     2 ||     3
  Use: Scroll            |     2 |    10 |     9 |     1 ||    22
       Potion            |       |       |       |     1 ||     1
 Stab: Distracted        |     1 |     2 |     2 |       ||     5
       Sleeping          |     2 |       |     1 |       ||     3
Armor: Robe              |    15 |    13 |    43 |    38 ||   109
Dodge: Dodged            |    45 |    90 |   205 |   171 ||   511

Table legend: (Time is in decaauts)
 A = Elapsed time spent in this place.
 B = Non-inter-level travel time spent in this place.
 C = Inter-level travel time spent in this place.
 D = Time resting spent in this place.
 E = Time spent auto-exploring this place.
 F = Levels seen in this place.
 G = Mean time per level.
                   A        B        C        D        E       F      G
               +--------+--------+--------+--------+--------+-----+--------+
         Total |  17019 |  16399 |    620 |   1900 |  12212 |  11 | 1547.2 |
       Dungeon |  16990 |  16380 |    610 |   1900 |  12210 |  10 | 1699.0 |
        Temple |     28 |     19 |      9 |      0 |      1 |   1 |   28.0 |
               +--------+--------+--------+--------+--------+-----+--------+

Top non-repeatable levels by time:
     D:8: 2380 daAuts
     D:2: 2214 daAuts
     D:6: 2068 daAuts
     D:5: 2010 daAuts
     D:1: 1891 daAuts
     D:7: 1770 daAuts
     D:4: 1675 daAuts
     D:9: 1576 daAuts
     D:3: 1288 daAuts
    D:10: 113 daAuts
  Temple: 28 daAuts
